 Dungeon Crawl Stone Soup version 0.30-a0-652-gcc886f7154 (webtiles) character file.

Game seed: 14983909907054365862

179 Newt the Shooter (level 5, -1/33 HPs)
             Began as a Kobold Hunter on Jan 17, 2023.
             Succumbed to a water moccasin's poison
             ... on level 4 of the Dungeon.
             The game lasted 00:03:09 (3328 turns).

Newt the Shooter (Kobold Hunter)                    Turns: 3328, Time: 00:03:10

Health: -1/33      AC:  8    Str:  9    XL:     5   Next: 90%
Magic:  5/14       EV: 14    Int: 14    God:
Gold:   157        SH:  0    Dex: 20    Spells: 4/4 levels left

rFire   . . .      SeeInvis +    a - +0 shortbow
rCold   . . .      Faith    .    (shield currently unavailable)
rNeg    + + .      Spirit   +    p - +2 leather armour "Aqomos" {rN++ Will+}
rPois   .          Reflect  .    (no helmet)
rElec   .          Harm     .    t - +0 cloak
rCorr   .          Rampage  .    e - +0 pair of gloves
Will    +....                    u - +0 pair of boots
Stlth   +++                      h - amulet of guardian spirit
HPRegen 0.25/turn                o - ring of Pride {MP+9 Int+4}
MPRegen 0.14/turn                m - ring of see invisible

@: brilliant, lethally poisoned (-1 -> -23)
A: small, no large weapons, nightstalker 3
a: no special abilities


You were on level 4 of the Dungeon.
You visited 1 branch of the dungeon, and saw 4 of its levels.

You collected 157 gold pieces.

Inventory:

Hand Weapons
 a - a +0 shortbow (weapon)
Armour
 c - a +0 leather armour
 e - a +0 pair of gloves (worn)
 p - the +2 leather armour "Aqomos" (worn) {rN++ Will+}
   (You found it on level 2 of the Dungeon)

   rN:        It greatly protects you from negative energy.
   Will:      It increases your willpower.
 t - a +0 cloak (worn)
 u - a +0 pair of boots (worn)
Jewellery
 f - a ring of ice
 h - an amulet of guardian spirit (around neck)
 m - a ring of see invisible (right hand)
 o - the ring of Pride (left hand) {MP+9 Int+4}
   (You found it on level 2 of the Dungeon)

   [ring of magical power]

   Int:       It affects your intelligence (+4).
   MP:        It affects your magic capacity (+9).
Scrolls
 b - a scroll of immolation
Potions
 d - 2 potions of attraction
 i - a potion of invisibility {unknown}
 j - a potion of mutation
 k - a potion of cancellation
 l - a potion of brilliance
 n - 2 potions of flight {unknown}
 q - a potion of haste {unknown}
 r - a potion of degeneration {unknown}
 s - 2 potions of might {unknown}


   Skills:
 - Level 4.0 Fighting
 + Level 7.3 Ranged Weapons
 - Level 2.4 Dodging
 - Level 3.0 Stealth


You had 4 spell levels left.
You didn't know any spells.
Your spell library contained the following spells:

 Spells                   Type           Power      Damage    Failure   Level
 Ignite Poison            Fire/Tmut/Pois 0%         N/A       77%         3
 Inner Flame              Hex/Fire       0%         N/A       77%         3
 Flame Wave               Conj/Fire      0%         2d4       99%         4
 Iskenderun's Mystic Bla  Conj/Tloc      0%         2d3       99%         4
 Sticky Flame             Conj/Fire      0%         2d3       99%         4
 Fireball                 Conj/Fire      0%         3d3       100%        5


Dungeon Overview and Level Annotations

Branches:
Dungeon (4/15)
 Temple: D:4-7

Altars:
Ashenzari

Shops:
D:4 *

Annotations:
D:3 2 transporters, wormed's ghost, amateur OpCj


Innate Abilities, Weirdness & Mutations

You are small and have problems with some larger weapons.
You are completely attuned to the shadows.


Message History

You feel sick.
Fire: a) +0 shortbow
Press: ? - help, Q - select action Shift-Dir - straight line, f - adder
Aim: an adder (moderately wounded, wandering, hasn't noticed you, 52% to hit)
You shoot an arrow. The arrow hits the adder!
You kill the adder!
You feel sick.
Fire: a) +0 shortbow
Press: ? - help, Q - select action Shift-Dir - straight line, f - water moccasin
Aim: a water moccasin (severely wounded, 52% to hit)
You shoot an arrow. The arrow hits the water moccasin!
The water moccasin is almost dead.
You feel sick.
Fire: a) +0 shortbow
Press: ? - help, Q - select action Shift-Dir - straight line, f/p - water moccasin
Aim: a water moccasin (almost dead, 52% to hit)
You shoot an arrow.
The arrow barely misses the water moccasin.
You feel sick.
Fire: a) +0 shortbow
Press: ? - help, Q - select action Shift-Dir - straight line, f/p - water moccasin
Aim: a water moccasin (almost dead, 52% to hit)
You shoot an arrow. The arrow hits the water moccasin.
The water moccasin is almost dead.
You feel sick.
You are no longer poisoned.
The water moccasin bites you.
* * * LOW HITPOINT WARNING * * *
You are lethally poisoned!
The water moccasin poisons you! The water moccasin bites you.
* * * LOW HITPOINT WARNING * * *
You are more poisoned.
The water moccasin poisons you!
Fire: a) +0 shortbow
Press: ? - help, Q - select action Shift-Dir - straight line, f/p - water moccasin
Aim: a water moccasin (almost dead, 52% to hit)
Okay, then.
It was a potion of brilliance.
You feel clever all of a sudden.
You die...

# #.# #.# #.#
#.# ###..#.# #.#
.....#.# #.###
##..##.# #...#
##...##.# ###.#
#.......# #.#
##...#### #.#
##.## #@# #...#
## #S#
#...####...#.#
##......+.∩.'.#
##.......#...#.#
#........#####.#
......#### ###
####...##
#.##...#H


You could see a water moccasin.

Vanquished Creatures
  Crazy Yiuf (D:3)
  An orc priest (D:4)
  2 gnolls (D:1)
  4 adders
  2 worms
  An orc (D:3)
  3 endoplasms
  3 giant cockroaches
  7 goblins
  4 hobgoblins
  7 kobolds
  3 quokkas
  9 ball pythons
  6 bats
  10 rats
63 creatures vanquished.

Notes
Turn   | Place    | Note
-------+----------+-------------------------------------------
     0 | D:1      | Newt the Kobold Hunter began the quest for the Orb.
     0 | D:1      | Reached XP level 1. HP: 12/12 MP: 1/1
    73 | D:1      | Reached XP level 2. HP: 16/16 MP: 2/2
   464 | D:1      | Reached XP level 3. HP: 22/22 MP: 3/3
  1033 | D:2      | Reached XP level 4. HP: 29/29 MP: 4/4
  1075 | D:2      | Found a faded altar of an unknown god.
  1585 | D:2      | Identified the ring of Pride {MP+9 Int+4}
  1610 | D:2      | Identified the +2 leather armour "Aqomos" {rN++ Will+}
  1954 | D:3      | Reached skill level 6 in Ranged Weapons
  1965 | D:3      | Reached XP level 5. HP: 16/33 MP: 1/5
  2313 | D:3      | Got the Secrets of Damaging Putridity
  2461 | D:3      | Found a runed translucent door.
  2464 | D:3      | Noticed Crazy Yiuf
  2598 | D:3      | Found a transporter.
  2630 | D:3      | Found a transporter.
  2633 | D:3      | Noticed wormed's ghost (amateur OpCj)
  2863 | D:3      | Killed Crazy Yiuf
  3070 | D:4      | Reached skill level 7 in Ranged Weapons
  3252 | D:4      | Found a broken altar of Ashenzari.
  3253 | D:4      | Saw a vision of the Shoals and the Spider Nest.
  3253 | D:4      | Noticed a redback
  3253 | D:4      | Noticed an orb spider
  3253 | D:4      | Noticed a manticore
  3253 | D:4      | Noticed a sea snake
  3253 | D:4      | Noticed a culicivora
  3254 | D:4      | Noticed a tarantella
  3255 | D:4      | Noticed a jorogumo
  3255 | D:4      | Noticed a sea snake
  3255 | D:4      | Noticed a demonic crawler
  3255 | D:4      | Noticed a merfolk
  3256 | D:4      | Noticed a merfolk
  3256 | D:4      | Noticed an entropy weaver
  3256 | D:4      | Noticed a merfolk
  3257 | D:4      | Noticed a snapping turtle
  3257 | D:4      | Noticed a steelbarb worm
  3257 | D:4      | Noticed a wolf spider
  3258 | D:4      | Noticed a harpy
  3258 | D:4      | Noticed a culicivora
  3258 | D:4      | Noticed a manticore
  3258 | D:4      | Noticed a merfolk
  3258 | D:4      | Noticed a merfolk
  3259 | D:4      | Noticed a tarantella
  3264 | D:4      | Noticed a merfolk siren
  3310 | D:4      | Found Varr's Serpentskin Sales.
  3310 | D:4      | Noticed a water moccasin
  3328 | D:4      | Succumbed to a water moccasin's poison

Illustrated notes

Levels and vault maps discovered:
D:1:      dpeg_arrival_tiny_i, layout_loops_corners
D:2:      layout_basic, shapermc_ecumenical_altar_mp_highgroup
D:3:      layout_rooms, gammafunk_ghost_stat_death, uniq_crazy_yiuf_cottage
D:4:      layout_loops_ring, grunt_temple_overflow_lords_of_destruction,
          mainiacjoe_overflow_brackets, grunt_ashenzari_visionary
          [grunt_ashenzari_visionary_shoals, grunt_ashenzari_visionary_spider],
          gammafunk_ghost_gnarly_gnolls, serial_shops, shop, guppyfry_shop_venom

Skill      XL: |  1  2  3  4  5 |
---------------+----------------+-----
Stealth        | 2 3 |  3.0
Fighting       | 3 4 |  4.0
Ranged Weapons | 6 7 |  7.3
Dodging        | |  2.4

Action                   |  1- 3 |  4- 6 || total
-------------------------+-------+-------++-------
 Fire: Shortbow          |    54 |   120 ||   174
  Use: Scroll            |     5 |     5 ||    10
       Potion            |       |     1 ||     1
Armor: Leather armour    |     7 |    28 ||    35
Dodge: Dodged            |    19 |    70 ||    89

Table legend: (Time is in decaauts)
 A = Elapsed time spent in this place.
 B = Non-inter-level travel time spent in this place.
 C = Inter-level travel time spent in this place.
 D = Time resting spent in this place.
 E = Time spent auto-exploring this place.
 F = Levels seen in this place.
 G = Mean time per level.
                   A        B        C        D        E       F      G
               +--------+--------+--------+--------+--------+-----+--------+
         Total |   3372 |   3076 |    296 |    325 |   2310 |   4 |  843.0 |
       Dungeon |   3372 |   3076 |    296 |    325 |   2310 |   4 |  843.0 |
               +--------+--------+--------+--------+--------+-----+--------+

Top non-repeatable levels by time:
     D:3: 1125 daAuts
     D:1: 1034 daAuts
     D:2: 944 daAuts
     D:4: 268 daAuts
